[ AOE2 MATCH · #505739545 ]
UnrankedAztecs vs Vietnamese
Player's team · WIN
Rival team · LOSS
[ REPLAY ANALYSIS · EXTRACTED FROM THE RECORDED GAME ]
Feudal
9:47
Castle
22:47
Imperial
45:02
| APM avg | 44.6 |
| APM peak | 84 |
| eAPM avg | 24.0 |
| Villagers / military | 210 / 270 |
Focus
⚔️ 37.4% · 🌾 62.6%
Skirmisher ×115 · Jaguar Warrior ×78 · Monk ×34 · Archer ×22 · Battering Ram ×11 · Trebuchet (Packed) ×5
Feudal
11:29
Castle
15:49
Imperial
39:40
| APM avg | 58.8 |
| APM peak | 102 |
| eAPM avg | 23.9 |
| Villagers / military | 134 / 189 |
Focus
⚔️ 37.8% · 🌾 62.2%
Rattan Archer ×157 · Scout Cavalry ×11 · Bombard Cannon ×8 · Mangonel ×6 · Battering Ram ×6 · Trebuchet (Packed) ×1
Match map
Initial resources + every placement click. Lines = walls · curves = elevation contours. ◆ gold · ⬟ stone · ● berries · ✦ relic · ◌ wall gap
Your base· Open — unwalled flank
eduv's base· Open — 6t gap
Smoothed initial terrain · ◌ = detected wall gap · hover for details
Inputs per minute
— Parabox - - eduv
Build order — Parabox
First 150 of 606 actions detected
| 0:00 | Create | Villager (Male) |
| 0:00 | Create | Villager (Male) |
| 0:01 | Build | House |
| 0:02 | Build | House |
| 0:13 | Create | Villager (Male) |
| 0:25 | Create | Villager (Male) |
| 1:29 | Create | Villager (Male) |
| 1:48 | Build | Lumber Camp |
| 2:00 | Create | Villager (Male) |
| 2:13 | Create | Villager (Male) |
| 2:55 | Create | Villager (Male) |
| 2:55 | Create | Villager (Male) |
| 3:44 | Create | Villager (Male) |
| 3:57 | Build | House |
| 4:08 | Create | Villager (Male) |
| 4:39 | Create | Villager (Male) |
| 4:42 | Build | Mill |
| 5:05 | Create | Villager (Male) |
| 5:32 | Create | Villager (Male) |
| 5:41 | Build | Farm |
| 5:46 | Create | Villager (Male) |
| 5:47 | Create | Villager (Male) |
| 6:26 | Create | Villager (Male) |
| 6:51 | Research | Loom |
| 7:28 | Research | Feudal Age |
| 7:36 | Build | Mining Camp |
| 8:12 | Build | House |
| 9:10 | Build | Barracks |
| 9:22 | Create | Villager (Male) |
| 9:37 | Build | House |
| 9:47 | Age | Feudal Age |
| 10:09 | Build | Archery Range |
| 10:12 | Create | Villager (Male) |
| 10:22 | Create | Spearman |
| 10:34 | Create | Villager (Male) |
| 10:55 | Create | Villager (Male) |
| 11:02 | Create | Archer |
| 11:02 | Create | Archer |
| 11:02 | Create | Archer |
| 11:20 | Build | Blacksmith |
| 11:25 | Create | Archer |
| 11:34 | Create | Villager (Male) |
| 11:39 | Build | Watch Tower |
| 12:00 | Create | Archer |
| 12:02 | Create | Villager (Male) |
| 12:21 | Create | Archer |
| 12:28 | Build | Watch Tower |
| 12:30 | Create | Archer |
| 12:30 | Create | Villager (Male) |
| 12:31 | Research | Fletching |
| 12:33 | Build | House |
| 12:37 | Research | Town Watch |
| 12:55 | Create | Archer |
| 13:03 | Create | Villager (Male) |
| 13:12 | Build | Farm |
| 13:13 | Build | Farm |
| 13:34 | Create | Villager (Male) |
| 13:39 | Build | Palisade Wall |
| 13:40 | Build | Palisade Wall |
| 13:42 | Build | Palisade Wall |
| 13:46 | Create | Villager (Male) |
| 13:51 | Build | Mill |
| 13:54 | Build | Farm |
| 14:10 | Build | Palisade Wall |
| 14:10 | Build | Palisade Wall |
| 14:10 | Build | Palisade Wall |
| 14:10 | Build | Palisade Wall |
| 14:11 | Build | Palisade Wall |
| 14:11 | Build | Palisade Wall |
| 14:12 | Build | Palisade Wall |
| 14:13 | Build | House |
| 14:39 | Create | Villager (Male) |
| 14:44 | Build | Mining Camp |
| 14:57 | Create | Villager (Male) |
| 15:11 | Create | Archer |
| 15:15 | Build | House |
| 15:42 | Build | House |
| 15:47 | Build | Market |
| 15:50 | Create | Villager (Male) |
| 15:58 | Create | Villager (Male) |
| 15:59 | Create | Archer |
| 16:19 | Build | House |
| 16:21 | Create | Archer |
| 16:25 | Build | House |
| 16:42 | Create | Villager (Male) |
| 16:43 | Create | Archer |
| 17:05 | Build | Watch Tower |
| 17:08 | Create | Villager (Male) |
| 17:13 | Research | Padded Archer Armor |
| 17:23 | Create | Villager (Male) |
| 17:24 | Create | Archer |
| 17:50 | Create | Archer |
| 17:50 | Create | Villager (Male) |
| 17:53 | Create | Archer |
| 18:04 | Create | Archer |
| 18:05 | Create | Villager (Male) |
| 18:13 | Create | Archer |
| 18:43 | Create | Villager (Male) |
| 18:45 | Build | Farm |
| 19:15 | Create | Villager (Male) |
| 19:27 | Create | Archer |
| 19:29 | Build | House |
| 19:42 | Create | Villager (Male) |
| 19:44 | Build | Farm |
| 20:06 | Research | Castle Age |
| 20:07 | Research | Castle Age |
| 20:16 | Create | Archer |
| 20:22 | Create | Archer |
| 20:46 | Build | Lumber Camp |
| 21:00 | Create | Archer |
| 21:21 | Create | Archer |
| 22:02 | Build | Farm |
| 22:03 | Research | Double-Bit Axe |
| 22:04 | Research | Horse Collar |
| 22:06 | Build | Farm |
| 22:43 | Create | Villager (Male) |
| 22:47 | Age | Castle Age |
| 22:56 | Build | Town Center |
| 23:16 | Create | Villager (Male) |
| 23:21 | Research | Bow Saw |
| 23:22 | Create | Villager (Male) |
| 23:52 | Build | Farm |
| 23:56 | Build | Monastery |
| 23:57 | Create | Villager (Male) |
| 24:00 | Create | Villager (Male) |
| 24:00 | Create | Villager (Male) |
| 24:15 | Build | Farm |
| 24:20 | Create | Villager (Male) |
| 24:27 | Research | Wheelbarrow |
| 24:30 | Create | Villager (Male) |
| 24:44 | Create | Monk |
| 24:50 | Build | Monastery |
| 24:53 | Build | Farm |
| 24:57 | Build | Farm |
| 24:59 | Build | Farm |
| 25:01 | Build | Farm |
| 25:04 | Create | Villager (Male) |
| 25:25 | Build | Farm |
| 25:28 | Build | Farm |
| 25:32 | Build | Siege Workshop |
| 25:34 | Create | Villager (Male) |
| 25:38 | Create | Monk |
| 25:50 | Build | House |
| 25:52 | Build | House |
| 26:05 | Build | House |
| 26:07 | Create | Mangonel |
| 26:08 | Create | Villager (Male) |
| 26:09 | Create | Monk |
| 26:13 | Research | Sanctity |
| 26:14 | Create | Villager (Male) |
Build order — eduv
First 150 of 512 actions detected
| 0:01 | Create | Villager (Male) |
| 0:02 | Create | Villager (Male) |
| 0:03 | Build | House |
| 0:04 | Build | House |
| 0:15 | Create | Villager (Male) |
| 0:15 | Create | Villager (Male) |
| 0:15 | Create | Villager (Male) |
| 1:32 | Create | Villager (Male) |
| 1:33 | Create | Villager (Male) |
| 1:56 | Build | Lumber Camp |
| 2:01 | Create | Villager (Male) |
| 2:01 | Create | Villager (Male) |
| 2:17 | Create | Villager (Male) |
| 2:17 | Create | Villager (Male) |
| 2:54 | Create | Villager (Male) |
| 2:54 | Create | Villager (Male) |
| 3:24 | Create | Villager (Male) |
| 3:24 | Create | Villager (Male) |
| 3:25 | Build | House |
| 3:31 | Build | House |
| 3:53 | Create | Villager (Male) |
| 3:53 | Create | Villager (Male) |
| 4:05 | Create | Villager (Male) |
| 4:05 | Create | Villager (Male) |
| 4:36 | Create | Villager (Male) |
| 4:36 | Create | Villager (Male) |
| 5:03 | Create | Villager (Male) |
| 5:03 | Create | Villager (Male) |
| 5:56 | Create | Villager (Male) |
| 5:57 | Create | Villager (Male) |
| 6:11 | Build | Mill |
| 6:39 | Create | Villager (Male) |
| 6:39 | Create | Villager (Male) |
| 6:39 | Create | Villager (Male) |
| 6:39 | Create | Villager (Male) |
| 7:09 | Create | Villager (Male) |
| 7:10 | Create | Villager (Male) |
| 7:10 | Create | Villager (Male) |
| 7:30 | Create | Villager (Male) |
| 7:30 | Create | Villager (Male) |
| 7:30 | Create | Villager (Male) |
| 7:30 | Create | Villager (Male) |
| 7:31 | Create | Villager (Male) |
| 7:55 | Create | Villager (Male) |
| 8:04 | Build | House |
| 8:17 | Create | Villager (Male) |
| 8:17 | Create | Villager (Male) |
| 8:45 | Build | Palisade Wall |
| 9:06 | Build | Mining Camp |
| 9:12 | Build | Palisade Wall |
| 9:19 | Research | Feudal Age |
| 9:19 | Research | Feudal Age |
| 9:30 | Build | House |
| 11:10 | Create | Villager (Male) |
| 11:13 | Research | Loom |
| 11:29 | Age | Feudal Age |
| 11:35 | Build | Market |
| 11:38 | Build | Blacksmith |
| 11:47 | Build | Watch Tower |
| 12:08 | Create | Villager (Male) |
| 12:23 | Create | Villager (Male) |
| 12:36 | Build | House |
| 12:40 | Build | Palisade Wall |
| 12:58 | Research | Castle Age |
| 12:58 | Research | Castle Age |
| 13:47 | Create | Villager (Male) |
| 13:59 | Create | Villager (Male) |
| 14:05 | Create | Villager (Male) |
| 14:24 | Build | Watch Tower |
| 14:29 | Build | Mining Camp |
| 14:58 | Build | Mining Camp |
| 15:04 | Research | Double-Bit Axe |
| 15:04 | Research | Double-Bit Axe |
| 15:12 | Research | Horse Collar |
| 15:12 | Research | Horse Collar |
| 15:17 | Build | Farm |
| 15:18 | Build | Farm |
| 15:19 | Build | Farm |
| 15:20 | Build | Farm |
| 15:49 | Age | Castle Age |
| 16:12 | Build | House |
| 16:22 | Research | Fletching |
| 16:22 | Research | Fletching |
| 16:51 | Build | Farm |
| 16:52 | Build | Farm |
| 16:58 | Create | Villager (Male) |
| 17:03 | Build | Farm |
| 17:05 | Build | Farm |
| 17:21 | Build | Farm |
| 18:05 | Create | Villager (Male) |
| 18:12 | Create | Villager (Male) |
| 18:16 | Build | Farm |
| 18:36 | Research | Bodkin Arrow |
| 18:37 | Research | Bodkin Arrow |
| 18:43 | Build | Mining Camp |
| 18:55 | Create | Villager (Male) |
| 19:12 | Build | Palisade Wall |
| 19:21 | Create | Villager (Male) |
| 19:24 | Build | Farm |
| 19:34 | Create | Villager (Male) |
| 19:52 | Create | Villager (Male) |
| 19:52 | Create | Villager (Male) |
| 19:52 | Create | Villager (Male) |
| 19:54 | Build | Farm |
| 20:11 | Create | Villager (Male) |
| 20:29 | Create | Villager (Male) |
| 20:29 | Create | Villager (Male) |
| 21:09 | Build | Farm |
| 21:46 | Build | Castle |
| 21:53 | Create | Villager (Male) |
| 22:00 | Research | Bow Saw |
| 22:00 | Research | Bow Saw |
| 22:18 | Build | Mining Camp |
| 22:29 | Create | Villager (Male) |
| 22:39 | Create | Rattan Archer |
| 22:39 | Create | Rattan Archer |
| 22:41 | Create | Rattan Archer |
| 22:56 | Research | Gold Mining |
| 22:56 | Research | Gold Mining |
| 23:00 | Build | Farm |
| 23:01 | Build | Farm |
| 23:03 | Build | Farm |
| 23:04 | Build | Farm |
| 23:11 | Build | Farm |
| 23:12 | Create | Rattan Archer |
| 23:13 | Create | Rattan Archer |
| 23:19 | Create | Villager (Male) |
| 23:36 | Create | Rattan Archer |
| 23:43 | Create | Villager (Male) |
| 23:48 | Research | Padded Archer Armor |
| 24:11 | Create | Villager (Male) |
| 24:18 | Build | Lumber Camp |
| 24:27 | Create | Rattan Archer |
| 24:44 | Research | Wheelbarrow |
| 24:44 | Research | Wheelbarrow |
| 24:45 | Create | Rattan Archer |
| 24:46 | Create | Rattan Archer |
| 24:46 | Create | Rattan Archer |
| 25:12 | Create | Villager (Male) |
| 25:14 | Build | Siege Workshop |
| 25:22 | Create | Villager (Male) |
| 25:22 | Create | Villager (Male) |
| 25:38 | Create | Rattan Archer |
| 25:38 | Create | Rattan Archer |
| 25:38 | Create | Rattan Archer |
| 25:40 | Create | Villager (Male) |
| 25:40 | Create | Villager (Male) |
| 25:58 | Create | Villager (Male) |
| 26:09 | Create | Mangonel |
| 26:14 | Create | Villager (Male) |
Match timeline
| 8:45 | eduv · wall_segment Palisade Wall x1 |
| 9:10 | Parabox · first_building Barracks |
| 9:12 | eduv · wall_segment Palisade Wall x7 |
| 9:47 | Parabox · age_up feudal |
| 10:09 | Parabox · first_building Archery Range |
| 11:29 | eduv · age_up feudal |
| 12:40 | eduv · wall_segment Palisade Wall x3 |
| 12:51 | eduv · first_market_sell 100 stone |
| 13:39 | Parabox · wall_segment Palisade Wall x1 |
| 13:40 | Parabox · wall_segment Palisade Wall x1 |
| 13:42 | Parabox · wall_segment Palisade Wall x1 |
| 14:10 | Parabox · wall_segment Palisade Wall x2 |
| 14:10 | Parabox · wall_segment Palisade Wall x1 |
| 14:10 | Parabox · wall_segment Palisade Wall x1 |
| 14:10 | Parabox · wall_segment Palisade Wall x1 |
| 14:11 | Parabox · wall_segment Palisade Wall x1 |
| 14:11 | Parabox · wall_segment Palisade Wall x1 |
| 14:12 | Parabox · wall_segment Palisade Wall x1 |
| 15:49 | eduv · age_up castle |
| 18:25 | Parabox · first_market_buy 100 food |
| 19:12 | eduv · wall_segment Palisade Wall x7 |
| 20:15 | eduv · first_market_buy 100 stone |
| 21:46 | eduv · first_building Castle |
| 22:47 | Parabox · age_up castle |
| 23:56 | Parabox · first_building Monastery |
| 25:14 | eduv · first_building Siege Workshop |
| 25:32 | Parabox · first_building Siege Workshop |
| 27:06 | Parabox · first_building Castle |
| 28:46 | Parabox · first_market_sell 100 wood |
| 39:40 | eduv · age_up imperial |
| 45:02 | Parabox · age_up imperial |
| 49:34 | Parabox · wall_segment Stone Wall x9 |
| 56:06 | eduv · first_building Barracks |
| 57:47 | Parabox · wall_segment Palisade Wall x13 |
| 57:48 | Parabox · wall_segment Palisade Wall x5 |
| 57:51 | Parabox · wall_segment Palisade Wall x11 |
| 57:52 | eduv · first_building Stable |
| 60:36 | eduv · resign |
[ AI ANALYSIS · 1 CREDIT ]
What really happened in this match?
Wolo.gg analyzes every decision: build order, eco, micro, common mistakes by bracket. Personalized analysis on WhatsApp or Discord in 30 seconds.
Civ guide
Aztecs
Perfil
Jugador #5350909